 Dungeon Crawl Stone Soup version 0.23-a0-487-gc6253629db (webtiles) character file.

319 Naow the Chopper (level 6, -12/47 HPs)
             Began as a Formicid Fighter on Dec 1, 2018.
             Mangled by a mummy (13 damage)
             ... in an ossuary.
             The game lasted 00:05:38 (3414 turns).

Naow the Chopper (Formicid Fighter)                 Turns: 3414, Time: 00:05:39

Health: -12/47     AC:  6    Str: 22    XL:     6   Next: 74%
Magic:  6/6        EV:  8    Int:  8    God:
Gold:   346        SH:  9    Dex: 10    Spells: 5/5 levels left

rFire    . . .     SeeInvis +   a - +0 war axe
rCold    . . .     Gourm    .   c - +0 shield
rNeg     . . .     Faith    .   b - +0 scale mail
rPois    .         Spirit   .   (helmet unavailable)
rElec    .         Reflect  .   (no cloak)
rCorr    .         Harm     .   (no gloves)
MR       .....                  (no boots)
Stlth    ..........             (no amulet)
HPRegen  0.15/turn              (no ring)
MPRegen  0.10/turn              (no ring)

@: no status effects
A: permanent stasis, dig shafts and tunnels, four strong arms, antennae 3
a: Dig, Shaft Self


You were in an ossuary.
You were hungry.

You visited 1 branch of the dungeon, and saw 4 of its levels.
You also visited: Ossuary.

You collected 346 gold pieces.

Inventory:

Hand Weapons
 a - a +0 war axe (weapon)
Armour
 b - a +0 scale mail (worn)
 c - a +0 shield (worn)
 s - +0 fire dragon scales
Jewellery
 n - an uncursed ring of stealth {unknown}
 q - a cursed amulet of the gourmand {unknown}
Wands
 p - a wand of flame (11)
 r - a wand of enslavement (11)
Scrolls
 g - 2 scrolls of remove curse {unknown}
 h - a scroll of amnesia {unknown}
 j - 8 scrolls of identify {unknown}
 l - 2 scrolls of enchant armour {unknown}
 o - 2 scrolls of fear {unknown}
 v - a scroll of teleportation {unknown}
Potions
 d - a potion of might
 e - 3 potions of heal wounds
 i - 4 potions of curing {unknown}
 k - 2 potions of ambrosia {unknown}
 m - a potion of degeneration {unknown}
 u - a potion of invisibility {unknown}
Comestibles
 f - 4 rations
 t - 2 chunks of flesh


   Skills:
 - Level 3.2 Fighting
 + Level 6.6 Axes
 - Level 3.2 Armour
 - Level 3.6 Shields


You had 5 spell levels left.
You didn't know any spells.
Your spell library was empty.

Dungeon Overview and Level Annotations

Branches:
Dungeon (4/15)
 Temple: D:4-7

Altars:


Innate Abilities, Weirdness & Mutations

You cannot be hasted, slowed, berserked, paralysed or teleported.
You can dig through walls and to a lower floor.
Your four strong arms can wield two-handed weapons with a shield.
You have a pair of large antennae on your head. (SInv)


Message History

Found a scroll labeled WUAKI TOLA and 21 gold pieces.
Found a black potion and 17 gold pieces.
Found 10 gold pieces and a yellow potion.
You see here a viscous inky potion.
You see here 21 gold pieces.
You see here 15 gold pieces.
You see here 10 gold pieces.
You see here 5 gold pieces.
You see here 17 gold pieces.
You see here 10 gold pieces.
You see here a yellow potion.
You see here a black potion.
Some of the chunks of flesh in your inventory have rotted away.
The mummy hits you!
* * * LOW HITPOINT WARNING * * *
The mummy barely misses you. You block the mummy's attack.
You see here a scroll labeled MAOHUE QEBI.
You see here a fuming silvery potion.
The mummy hits you!
You die...

#.....##....##...
#............M...
#...............
#.......M......
#'##........#
##..##.M....##
##....##M...##
##......#....#
#$!@M...#....#
#$!M....#....#
#$MMM...#....#
##M.....#....#
#$$?..##....#
##$!..##....#
#$!.###.∩∩.#
##### ######


You could see 6 mummies.

Vanquished Creatures
  A hound (D:4)
  Natasha (thrice) (D:2)
  A big kobold zombie (Ossuary)
  A hound skeleton (D:4)
  A mummy (Ossuary)
  5 adders
  An ooze (D:4)
  2 worms
  3 dart slugs
  3 leopard geckos
  2 orcs
  4 ball pythons
  4 giant cockroaches
  11 goblins
  21 hobgoblins
  13 jackals
  6 bats
  6 frilled lizards
  A gnoll zombie (Ossuary)
  2 hobgoblin zombies (Ossuary)
  3 kobolds
  A kobold zombie (Ossuary)
  A leopard gecko skeleton (D:4)
  3 orc zombies (Ossuary)
  11 rats
110 creatures vanquished.

Vanquished Creatures (others)
  3 toadstools (D:2)
3 creatures vanquished.

Grand Total: 113 creatures vanquished

Notes
Turn   | Place    | Note
-------+----------+-------------------------------------------
     0 | D:1      | Naow the Formicid Fighter began the quest for the Orb.
     0 | D:1      | Reached XP level 1. HP: 18/18 MP: 1/1
   219 | D:1      | Reached XP level 2. HP: 18/24 MP: 2/2
   498 | D:1      | Reached skill level 3 in Axes
   655 | D:1      | Reached XP level 3. HP: 29/29 MP: 3/3
   946 | D:2      | HP: 1/29 [ball python (1)]
  1260 | D:2      | Reached skill level 4 in Axes
  1260 | D:2      | Reached XP level 4. HP: 34/35 MP: 4/4
  1619 | D:2      | Noticed Natasha
  1629 | D:2      | Killed Natasha
  1815 | D:2      | Reached XP level 5. HP: 41/41 MP: 5/5
  1899 | D:2      | Noticed Natasha
  1911 | D:2      | Killed Natasha
  1911 | D:2      | Reached skill level 5 in Axes
  2327 | D:2      | Noticed Natasha
  2335 | D:2      | Killed Natasha
  2510 | D:3      | Reached XP level 6. HP: 47/47 MP: 6/6
  2737 | D:3      | Reached skill level 6 in Axes
  3336 | D:4      | Found a sand-covered staircase.
  3344 | Ossuary  | Entered an ossuary
  3374 | Ossuary  | HP: 2/47 [mummy (13)]
  3411 | Ossuary  | HP: 1/47 [mummy (7)]
  3414 | Ossuary  | Mangled by a mummy

Vault maps used:
D:1:      co_arrival_square_in_a_square_in_a_square
D:2:      cheibrodos_greedy_goblins, minmay_gold_behind_fungi, st_stairs_1,
          uniq_natasha
D:4:      enter_ossuary_4, serial_bayou_pond_b
Ossuary:  ossuary_tomb_3

Skill      XL: |  1  2  3  4  5  6 |
---------------+-------------------+-----
Axes           | 3 4 5 6 |  6.6
Fighting       | |  3.2
Armour         | |  3.2
Shields        | |  3.6

Action                   |  1- 3 |  4- 6 || total
-------------------------+-------+-------++-------
Melee: War axe           |   109 |   200 ||   309
  Use: Potion            |     1 |       ||     1
  Eat: Chunk             |     1 |     7 ||     8
Armor: Scale mail        |    62 |    71 ||   133
Dodge: Dodged            |    38 |    64 ||   102
Block: Shield            |    74 |    92 ||   166

Table legend:
 A = Non-vault XP
 B = Vault XP
 C = Vault XP percentage of total XP
 D = Non-vault monster count
 E = Vault monster count
 F = Vault count percentage of total count
                 A         B        C        D         E       F
            +---------+---------+-------+---------+---------+-------
      Total |     319 |     137 |  30.0 |      84 |      26 |  23.6
            +---------+---------+-------+---------+---------+-------
        D:1 |      33 |       0 |   0.0 |      22 |       0 |   0.0
        D:2 |     166 |      61 |  26.9 |      29 |      14 |  32.6
        D:3 |      69 |       0 |   0.0 |      29 |       0 |   0.0
        D:4 |      51 |      24 |  32.0 |       4 |       3 |  42.9
    Ossuary |       0 |      52 | 100.0 |       0 |       9 | 100.0
            +---------+---------+-------+---------+---------+-------
